 Dungeon Crawl Stone Soup version 0.22-a0-322-g60b3cfd (webtiles) character file.

3925 xccam the Protected (level 10, -3/77 HPs)
             Began as a Gnoll Wanderer on Apr 3, 2018.
             Slain by an elephant (10 damage)
             ... on level 8 of the Dungeon.
             The game lasted 00:20:19 (8018 turns).

xccam the Protected (Gnoll Wanderer)                Turns: 8018, Time: 00:20:20

Health: -3/77      AC: 11    Str: 16    XL:     10   Next: 20%
Magic:  17/17      EV: 13    Int: 15    God:
Gold:   288        SH:  0    Dex: 16    Spells: 19/19 levels left

rFire    . . .     SeeInvis .   B - +5 long sword (freeze) (curse)
rCold    . . .     Gourm    .   (no shield)
rNeg     . . .     Faith    .   a - +2 scale mail
rPois    .         Spirit   .   (no helmet)
rElec    .         Reflect  .   (no cloak)
rCorr    +         Harm     .   (no gloves)
MR       .....                  o - +0 pair of boots
Stlth    ++........             (no amulet)
HPRegen  0.22/turn              r - ring of wizardry
MPRegen  0.15/turn              x - ring of resist corrosion

@: no status effects
A: distributed training, fangs 1, strong nose
a: no special abilities


You were on level 8 of the Dungeon.
You were not hungry.

You visited 2 branches of the dungeon, and saw 9 of its levels.
You also visited: Ossuary.

You collected 288 gold pieces.

Inventory:

Hand Weapons
 v - a +4 scimitar
 A - a +1 flail
 B - a cursed +5 long sword of freezing (weapon)
Armour
 a - a +2 scale mail (worn)
 h - a +0 large shield
 o - a +0 pair of boots (worn)
Jewellery
 l - an uncursed ring of wizardry
 r - a ring of wizardry (left hand)
 x - a ring of resist corrosion (right hand)
Wands
 b - a wand of polymorph (16)
 c - a wand of flame (27)
 E - a wand of enslavement (9)
Scrolls
 e - 3 scrolls of fog {unknown}
 i - 5 scrolls of identify
 m - a scroll of enchant weapon
 n - 6 scrolls of amnesia
 t - 4 scrolls of remove curse
 u - 8 scrolls of teleportation
 w - 4 scrolls of enchant armour {unknown}
 y - a scroll of noise {unknown}
 D - a scroll of torment {unknown}
Potions
 j - a potion of magic {unknown}
 k - a potion of heal wounds {unknown}
 p - 2 potions of brilliance
 q - 3 potions of curing
 z - 2 potions of flight {unknown}
 C - a potion of lignification
Comestibles
 f - 6 rations


   Skills:
 + Level 6.8 Fighting
 + Level 5.0 Short Blades
 + Level 5.0 Long Blades
 + Level 5.0 Axes
 + Level 5.6 Maces & Flails
 + Level 5.0 Polearms
 + Level 5.0 Staves
 + Level 5.0 Slings
 + Level 5.0 Bows
 + Level 5.0 Crossbows
 + Level 5.6 Throwing
 + Level 8.3 Armour
 + Level 5.6 Dodging
 + Level 6.5 Stealth
 + Level 5.0 Shields
 + Level 5.0 Unarmed Combat
 + Level 5.0 Spellcasting
 + Level 4.1 Conjurations
 + Level 4.1 Hexes
 + Level 4.1 Charms
 + Level 4.1 Summonings
 + Level 4.1 Necromancy
 + Level 4.1 Translocations
 + Level 4.1 Transmutations
 + Level 4.1 Fire Magic
 + Level 4.1 Ice Magic
 + Level 4.1 Air Magic
 + Level 4.1 Earth Magic
 + Level 4.1 Poison Magic
 + Level 5.4 Invocations
 + Level 5.0 Evocations


You had 19 spell levels left.
You didn't know any spells.

Dungeon Overview and Level Annotations

Branches:
Dungeon (8/15)             Temple (1/1) D:5            Lair (0/6) D:8

Altars:
Dithmenos
Fedhas
Gozag
Kikubaaqudgha
Makhleb
Okawaru
Qazlal
Ru
Sif Muna
Trog
Vehumet
Wu Jian
Xom
Zin
The Shining One


Innate Abilities, Weirdness & Mutations

Your experience applies equally to all skills.
You have very sharp teeth.
Your uncanny sense of smell can sniff out nearby items.


Message History

The elephant trunk-slaps you but does no damage.
Unknown command.
You hit the elephant but do no damage.
The elephant is heavily wounded.
The elephant tramples you but does no damage.
The elephant closely misses you. The phantom closely misses you.
You riposte.
You hit the phantom. You punch the phantom. Your bite misses the phantom.
The phantom is lightly damaged.
Unknown command.
You slash the elephant! You freeze the elephant.
The elephant is severely wounded.
The phantom hits you!
* * * LOW HITPOINT WARNING * * *
The phantom blinks!
The elephant tramples you!
* * * LOW HITPOINT WARNING * * *
You stumble backwards!
You hit the elephant. You freeze the elephant.
The elephant is severely wounded.
The elephant tramples you!
You die...

#............##
#....t....####
#......####
#.####...# #.#
##.....#
#.##....!...
#.#........P
#Y...P...Y..
#@..WH..>...
##..P....
#..P... #.....
##/.. ##.


You could see an elephant, a hippogriff and a phantom.

Vanquished Creatures
  The ghost of Nattefrost the Magician, a novice GnAE (D:7)
  A basilisk (D:8)
  2 eyes of draining (D:7)
  2 sky beasts (D:6)
  A hornet zombie (D:7)
  4 ogres
  A centaur (D:5)
  A crocodile (D:8)
  2 bullfrogs (D:7)
  A big kobold (D:7)
  A wyvern skeleton (D:7)
  8 scorpions (Ossuary)
  9 wights
  3 howler monkeys
  6 crimson imps
  A centaur zombie (Ossuary)
  A human zombie (Ossuary)
  2 hounds (D:7)
  A bullfrog skeleton (D:6)
  An orc priest (D:7)
  6 iguanas
  2 orc wizards
  8 worker ants
  2 killer bee zombies (D:5)
  2 big kobold zombies (Ossuary)
  3 mummies (Ossuary)
  A worker ant zombie (D:5)
  4 gnolls (D:4)
  3 scorpion zombies (Ossuary)
  6 adders
  3 shadow imps
  2 oozes
  3 adder zombies (D:6)
  An adder skeleton (D:4)
  3 worms
  4 dart slugs
  5 leopard geckos
  14 orcs
  2 ball pythons
  6 bats
  2 giant cockroaches
  9 goblins
  9 hobgoblins
  13 jackals
  6 kobolds
  3 quokkas
  2 frilled lizards
  5 gnoll zombies (Ossuary)
  2 goblin zombies (Ossuary)
  A hobgoblin zombie (Ossuary)
  2 kobold zombies (Ossuary)
  3 orc zombies (Ossuary)
  A quokka skeleton (D:5)
  A quokka zombie (D:6)
  8 rats
196 creatures vanquished.

Vanquished Creatures (others)
  A scorpion (D:7)
  A gnoll zombie (Ossuary)
2 creatures vanquished.

Grand Total: 198 creatures vanquished

Notes
Turn   | Place    | Note
-------+----------+-------------------------------------------
     0 | D:1      | xccam the Gnoll Wanderer began the quest for the Orb.
     0 | D:1      | xccam set off with: a +2 scale mail, a +0 mace, 11 poisoned needles, a +0 blowgun, a +0 dagger, a ration
     0 | D:1      | Reached XP level 1. HP: 20/20 MP: 1/1
    84 | D:1      | Reached XP level 2. HP: 21/26 MP: 2/2
   518 | D:2      | Reached XP level 3. HP: 23/31 MP: 3/3
   633 | D:2      | Reached skill level 1 in Invocations
   965 | D:2      | Reached skill level 1 in Short Blades
   965 | D:2      | Reached skill level 1 in Long Blades
   965 | D:2      | Reached skill level 1 in Axes
   965 | D:2      | Reached skill level 1 in Polearms
   965 | D:2      | Reached skill level 1 in Staves
   965 | D:2      | Reached skill level 1 in Slings
   965 | D:2      | Reached skill level 1 in Bows
   965 | D:2      | Reached skill level 1 in Crossbows
   965 | D:2      | Reached skill level 1 in Shields
   965 | D:2      | Reached skill level 1 in Unarmed Combat
   965 | D:2      | Reached skill level 1 in Spellcasting
   965 | D:2      | Reached skill level 1 in Evocations
  1040 | D:2      | Reached XP level 4. HP: 28/38 MP: 5/5
  1577 | D:3      | Reached skill level 1 in Conjurations
  1577 | D:3      | Reached skill level 1 in Hexes
  1577 | D:3      | Reached skill level 1 in Charms
  1577 | D:3      | Reached skill level 1 in Summonings
  1577 | D:3      | Reached skill level 1 in Necromancy
  1577 | D:3      | Reached skill level 1 in Translocations
  1577 | D:3      | Reached skill level 1 in Transmutations
  1577 | D:3      | Reached skill level 1 in Fire Magic
  1577 | D:3      | Reached skill level 1 in Ice Magic
  1577 | D:3      | Reached skill level 1 in Air Magic
  1577 | D:3      | Reached skill level 1 in Earth Magic
  1577 | D:3      | Reached skill level 1 in Poison Magic
  1824 | D:3      | Reached XP level 5. HP: 43/43 MP: 6/6
  1989 | D:4      | Found a stormy altar of Qazlal.
  2140 | D:4      | Reached XP level 6. HP: 45/50 MP: 8/8
  2333 | D:4      | Found a sand-covered staircase.
  2338 | Ossuary  | Entered an ossuary
  2395 | Ossuary  | Reached skill level 5 in Fighting
  2463 | Ossuary  | HP: 2/51 [poisoned by a scorpion]
  2617 | Ossuary  | Reached XP level 7. HP: 26/56 MP: 10/10
  2888 | Ossuary  | Reached skill level 7 in Armour
  3205 | Ossuary  | Reached skill level 5 in Stealth
  3780 | D:4      | Reached XP level 8. HP: 50/63 MP: 12/12
  3891 | D:5      | Entered Level 5 of the Dungeon
  4977 | D:5      | Found Zin's Purification Station.
  4980 | D:5      | Found a glowing silver altar of Zin.
  5068 | D:5      | Found a staircase to the Ecumenical Temple.
  5120 | Temple   | Entered the Ecumenical Temple
  5248 | D:5      | Found a deep blue altar of Sif Muna.
  5773 | D:6      | Reached XP level 9. HP: 69/69 MP: 14/14
  6323 | D:7      | Noticed Nattefrost's ghost (novice GnAE)
  6349 | D:7      | Killed Nattefrost's ghost
  6349 | D:7      | Reached skill level 5 in Maces & Flails
  6349 | D:7      | Reached skill level 5 in Throwing
  6349 | D:7      | Reached skill level 5 in Dodging
  6529 | D:7      | Reached skill level 8 in Armour
  6780 | D:7      | Reached skill level 5 in Invocations
  7392 | D:7      | Reached XP level 10. HP: 77/77 MP: 17/17
  7424 | D:7      | Found a bloodstained altar of Trog.
  7976 | D:8      | Found a staircase to the Lair.
  7976 | D:8      | Noticed an elephant
  8010 | D:8      | Reached skill level 5 in Short Blades
  8010 | D:8      | Reached skill level 5 in Long Blades
  8010 | D:8      | Reached skill level 5 in Axes
  8010 | D:8      | Reached skill level 5 in Polearms
  8010 | D:8      | Reached skill level 5 in Staves
  8010 | D:8      | Reached skill level 5 in Slings
  8010 | D:8      | Reached skill level 5 in Bows
  8010 | D:8      | Reached skill level 5 in Crossbows
  8010 | D:8      | Reached skill level 5 in Shields
  8010 | D:8      | Reached skill level 5 in Unarmed Combat
  8010 | D:8      | Reached skill level 5 in Spellcasting
  8010 | D:8      | Reached skill level 5 in Evocations
  8018 | D:8      | Slain by an elephant

Vault maps used:
D:1:      dpeg_arrival_orchard
D:2:      grunt_ministairs_9
D:3:      first_ration
D:4:      kennysheep_mini, enter_ossuary_2
D:5:      zin_purify, minmay_temple_entry_butterflies, led_sif_pool
D:6:      skrybe_limestone_x
D:7:      trog_eyes_of_draining
D:8:      david_lair_generic, hangedman_ranch
Temple:   nicolae_temple_hex_pool
Ossuary:  ossuary_minmay_scorpions

Skill      XL: |  1  2  3  4  5  6  7  8  9 10 |
---------------+-------------------------------+-----
Invocations    | 1 2 3 4 5 |  5.4
Short Blades   | 1 2 3 4 5 |  5.0
Long Blades    | 1 2 3 4 5 |  5.0
Axes           | 1 2 3 4 5 |  5.0
Polearms       | 1 2 3 4 5 |  5.0
Staves         | 1 2 3 4 5 |  5.0
Slings         | 1 2 3 4 5 |  5.0
Bows           | 1 2 3 4 5 |  5.0
Crossbows      | 1 2 3 4 5 |  5.0
Shields        | 1 2 3 4 5 |  5.0
Unarmed Combat | 1 2 3 4 5 |  5.0
Spellcasting   | 1 2 3 4 5 |  5.0
Evocations     | 1 2 3 4 5 |  5.0
Conjurations   | 1 2 3 4 |  4.1
Hexes          | 1 2 3 4 |  4.1
Charms         | 1 2 3 4 |  4.1
Summonings     | 1 2 3 4 |  4.1
Necromancy     | 1 2 3 4 |  4.1
Translocations | 1 2 3 4 |  4.1
Transmutations | 1 2 3 4 |  4.1
Fire Magic     | 1 2 3 4 |  4.1
Ice Magic      | 1 2 3 4 |  4.1
Air Magic      | 1 2 3 4 |  4.1
Earth Magic    | 1 2 3 4 |  4.1
Poison Magic   | 1 2 3 4 |  4.1
Maces & Flails | 3 4 5 |  5.6
Throwing       | 3 4 5 |  5.6
Dodging        | 3 4 5 |  5.6
Fighting       | 5 6 |  6.8
Armour         | 7 8 |  8.3
Stealth        | 5 6 |  6.5

Action                   |  1- 3 |  4- 6 |  7- 9 | 10-12 || total
-------------------------+-------+-------+-------+-------++-------
Melee: Mace              |   148 |   243 |   345 |       ||   736
       Bite              |    17 |    26 |    61 |    10 ||   114
       Punch             |       |     4 |     6 |     5 ||    15
       Scimitar          |       |       |   157 |       ||   157
       Long sword        |       |       |    24 |    55 ||    79
  Use: Scroll            |     4 |     3 |     2 |       ||     9
       Potion            |       |     1 |     9 |       ||    10
 Stab: Sleeping          |       |     1 |     2 |     2 ||     5
       Invisible         |       |       |     6 |       ||     6
       Distracted        |       |       |     1 |       ||     1
  Eat: Chunk             |       |     5 |    11 |       ||    16
       Ration            |       |       |     2 |     1 ||     3
Armor: Scale mail        |    89 |   169 |   264 |    13 ||   535
       Skin              |       |       |   158 |       ||   158
Dodge: Dodged            |   103 |   195 |   332 |    18 ||   648
       Rpst.: Scimitar   |       |       |    30 |       ||    30
       Long sword        |       |       |     4 |     4 ||     8

Table legend:
 A = Spawn XP
 B = Non-spawn XP
 C = Spawn XP percentage of total XP
 D = Spawn monster count
 E = Non-spawn monster count
 F = Spawn count percentage of total count
 G = Total turns spent on level
                    A         B        C        D         E        F      G
               +---------+---------+-------+---------+---------+-------+---------
         Total |       0 |    5608 |   0.0 |       0 |     195 |   0.0 |  8018
               +---------+---------+-------+---------+---------+-------+---------
           D:1 |       0 |      29 |   0.0 |       0 |      13 |   0.0 |   495
           D:2 |       0 |      88 |   0.0 |       0 |      29 |   0.0 |  1023
           D:3 |       0 |      53 |   0.0 |       0 |      22 |   0.0 |   412
           D:4 |       0 |     237 |   0.0 |       0 |      17 |   0.0 |   852
           D:5 |       0 |    1016 |   0.0 |       0 |      29 |   0.0 |  1475
           D:6 |       0 |     696 |   0.0 |       0 |      21 |   0.0 |   542
           D:7 |       0 |    2302 |   0.0 |       0 |      29 |   0.0 |  1607
           D:8 |       0 |     393 |   0.0 |       0 |       5 |   0.0 |   117
       Ossuary |       0 |     794 |   0.0 |       0 |      30 |   0.0 |  1399
               +---------+---------+-------+---------+---------+-------+---------
